 Dungeon Crawl Stone Soup version 0.31-a0-233-g139696dc86 (webtiles) character file.

Game seed: 9509814006784689278

102 qw the Shooter (level 4, -2/36 HPs)
             Began as a Minotaur Hexslinger on July 9, 2023.
             Succumbed to an orc's poison
             ... on level 3 of the Dungeon.
             The game lasted 00:00:47 (2257 turns).

qw the Shooter (Minotaur Hexslinger)                Turns: 2257, Time: 00:00:48

Health: -2/36      AC:  7    Str: 12    XL:     4   Next: 49%
Magic:  13/13      EV: 11    Int: 10    God:
Gold:   164        SH:  0    Dex: 15    Spells: 4/5 levels left

rFire   . . .        Y - +1 sling
rCold   + . .        (no shield)
rNeg    + . .        j - +0 ring mail
rPois   .            (helmet restricted)
rElec   .            a - +0 cloak
rCorr   .            (no gloves)
SInv    .            f - +0 pair of boots
Will    .....        (no amulet)
Stlth   +            m - ring "Uneisen" {*Corrode rC+ rN+ MP+9 Slay+5}
HPRegen 0.26/turn    (no ring)
MPRegen 0.13/turn

%: corrode self (3%)
@: lethally poisoned (-2 -> -13)
A: horns 2, retaliatory headbutt
a: no special abilities


You were on level 3 of the Dungeon.
You visited 1 branch of the dungeon, and saw 4 of its levels.

You collected 164 gold pieces.


Innate Abilities, Weirdness & Mutations

You have a pair of horns on your head.
You reflexively headbutt those who attack you in melee.


   Skills:
 - Level 2.0 Fighting
 - Level 5.0 Ranged Weapons
 + Level 0.7 Armour
 - Level 2.1 Dodging
 - Level 1.0 Spellcasting
 - Level 2.0 Hexes


You had 4 spell levels left.
You knew the following spells:

 Your Spells              Type           Power      Damage    Failure   Level
a - Slow                  Hex            16%        N/A       34%         1

Your spell library contained the following spells:

 Spells                   Type           Power      Damage    Failure   Level
 Inner Flame              Hex/Fire       2%         N/A       83%         3
 Portal Projectile        Hex/Tloc       4%         N/A       83%         3
 Cause Fear               Hex            2%         N/A       98%         4

Inventory:

Hand Weapons
 Y - a +1 sling (weapon)
Armour
 a - a +0 cloak (worn)
 f - a +0 pair of boots (worn)
 j - a +0 ring mail (worn)
Jewellery
 l - a ring of ice
 m - the ring "Uneisen" (left hand) {*Corrode rC+ rN+ MP+9 Slay+5}
   (You found it on level 3 of the Dungeon)

   [ring of magical power]

   Slay:      It affects your accuracy & damage with ranged weapons and melee
   (+5).
   rC:        It protects you from cold.
   rN:        It protects you from negative energy.
   MP:        It affects your magic capacity (+9).
   *Corrode:  It may corrode you when you take damage.
Scrolls
 k - a scroll of identify
Potions
 d - a potion of haste
 g - a potion of berserk rage {unknown}
 h - a potion of mutation {unknown}
 i - a potion of curing
 o - a potion of magic {unknown}
 p - a potion of might {unknown}

Dungeon Overview and Level Annotations

Branches:
Dungeon (4/15)
 Temple: D:4-7

Altars:


Message History

Enter note: You shoot a sling bullet.
The sling bullet hits the quokka!
You kill the quokka!
The goblin hits you with a +0 dagger. x2
You shoot a sling bullet. The sling bullet hits the goblin!
You kill the goblin!
You start resting.
HP restored.
Done exploring.
(D) Dungeon
Where to? (* - list waypoints, Enter - D:4, ? - help)
What level of the Dungeon? (default 1, ? - help)
You climb downwards.
The orc closely misses you. x2; You furiously retaliate!
You headbutt the orc.
There is a stone staircase leading up here.
There are monsters nearby!
You shoot a sling bullet. The sling bullet hits the orc.
The orc is severely wounded.
The orc hits you but does no damage. The orc barely misses you.
You shoot a sling bullet. The sling bullet hits the orc.
You kill the orc!
The orc priest closely misses you.
The orc hits you with a +0 dagger of venom.
You are poisoned.
You shoot a sling bullet. The sling bullet hits the orc priest!
The orc priest is severely wounded.
You feel very sick. The orc priest hits you with a +0 whip.
The orc hits you with a +0 dagger of venom.
The orc priest invokes the aid of Beogh against you.
Beogh smites you! The orc hits you but does no damage.
You are lethally poisoned!
2256 ||| STAIRDANCE You feel very sick.
The orc priest calls upon Beogh to heal the orc priest.
The orc priest is healed somewhat.
The orc priest calls down the wrath of Beogh upon you.
Pain shoots through your body! The orc misses you.
You climb upwards.
You die...

...##......#..##.######...##.....
...####.#........#........###.###
.### #.......####.###.###.##.###
.## ###...### #.#...# #.##....
..## #...# #.#.#.###.######
.#.### #...# #.#.#....## ###..#
#...# #.....##########
.#...####..<######<.....# #.....
...............%@o......####.....
...........>....o..###...........
.#.................# #..####.....
.....####...######.###..## #.....
.##### #...# #.......######## ##
##.## ###.##...## #.# #.#.....##
##### #.# #........# ##...## #.#
##.......#


You could see an orc priest and an orc.

Vanquished Creatures
  An orc priest (D:3)
  An adder (D:3)
  3 dart slugs (D:1)
  4 orcs
  3 ball pythons
  4 endoplasms
  4 goblins
  3 hobgoblins
  7 jackals
  6 quokkas
  3 bats (D:1)
  4 frilled lizards
  4 kobolds
  A rat (D:1)
48 creatures vanquished.

Notes
Turn   | Place    | Note
-------+----------+-------------------------------------------
     0 | D:1      | qw the Minotaur Hexslinger began the quest for the Orb.
     0 | D:1      | Reached XP level 1. HP: 16/16 MP: 1/1
     0 | D:1      | 0 ||| qw: Version: 0.3-a-51-g015441d
     0 | D:1      | 0 ||| qw: Game counter: 3809
     0 | D:1      | 0 ||| qw: Melee chars always use a shield: true
     0 | D:1      | 0 ||| qw: God list: Okawaru
     0 | D:1      | 0 ||| qw: Allow faded altars: false
     0 | D:1      | 0 ||| qw: Do Orc after clearing Dungeon:15 true
     0 | D:1      | 0 ||| qw: Do second Lair branch before Depths: true
     0 | D:1      | 0 ||| qw: Lair rune preference: random
     0 | D:1      | 0 ||| qw: Goals: Normal
     0 | D:1      | 0 ||| PLANNING D:1-11
    92 | D:1      | Reached skill level 3 in Ranged Weapons
    92 | D:1      | Reached XP level 2. HP: 20/23 MP: 2/2
   452 | D:1      | 452 ||| DRINKING 2 green potions.
   453 | D:1      | 453 ||| DROPPING scroll of poison.
   454 | D:1      | 454 ||| DROPPING potion of brilliance.
   568 | D:1      | Reached XP level 3. HP: 26/29 MP: 3/3
   846 | D:1      | 846 ||| READING scroll labelled YBIPRER EBEOX.
  1088 | D:2      | Reached skill level 4 in Ranged Weapons
  1259 | D:2      | Found a faded altar of an unknown god.
  1382 | D:2      | 1382 ||| UPGRADING to +0 pair of boots.
  1387 | D:2      | 1387 ||| READING scroll labelled QAOR MEYTIHU.
  1388 | D:2      | 1388 ||| READING scroll labelled QUWAIR YLOALEIFY.
  1659 | D:3      | Identified the ring "Uneisen" {*Corrode rC+ rN+ MP+9
                  | Slay+5}
  1760 | D:3      | Reached XP level 4. HP: 31/36 MP: 4/4
  1763 | D:3      | 1763 ||| FLEEEEING.
  1975 | D:3      | Reached skill level 5 in Ranged Weapons
  2048 | D:3      | 2048 ||| UPGRADING to +0 cloak.
  2053 | D:3      | 2053 ||| UPGRADING to +0 ring mail.
  2063 | D:3      | 2063 ||| DROPPING +0 robe.
  2064 | D:3      | 2064 ||| UPGRADING to ring "Uneisen" {*Corrode rC+ rN+ MP+9
                  | Slay+5}.
  2134 | D:3      | 2134 ||| READING scroll labelled EMANLI OROLA.
  2135 | D:3      | 2135 ||| DRINKING 2 inky potions.
  2136 | D:3      | 2136 ||| READING 4 scrolls of identify.
  2136 | D:3      | 2136 ||| IDENTIFYING coppery potion
  2137 | D:3      | 2137 ||| READING 3 scrolls of identify.
  2137 | D:3      | 2137 ||| IDENTIFYING black potion
  2138 | D:3      | 2138 ||| READING 2 scrolls of identify.
  2138 | D:3      | 2138 ||| IDENTIFYING bubbling coppery potion
  2139 | D:3      | 2139 ||| DROPPING potion of attraction.
  2140 | D:3      | 2140 ||| DROPPING potion of ambrosia.
  2185 | D:4      | 2185 ||| STAIRDANCE
  2256 | D:4      | 2256 ||| STAIRDANCE
  2256 | D:4      | HP: 8/36 [poisoned by an orc]
  2256 | D:4      | HP: 1/36 [orc priest/nerve-wracking pain (7)]
  2257 | D:3      | Succumbed to an orc's poison

Levels and vault maps discovered:
D:1:      dpeg_arrival_radiant, layout_basic, nicolae_eternal_life
D:2:      layout_rooms, ebering_ecumenical_altar_mist
D:3:      layout_loops_cross, corner_web_ring
D:4:      layout_loops_ring, minmay_temple_entry_wispy, uniq_sigmund

Skill      XL: |  1  2  3  4 |
---------------+-------------+-----
Ranged Weapons | 3 4 5 |  5.0
Fighting       | 2 |  2.0
Armour         | |  0.7
Dodging        | |  2.1
Spellcasting   | |  1.0
Hexes          | |  2.0

Action                     |  1- 3 |  4- 6 || total
---------------------------+-------+-------++-------
   Fire: Sling             |   123 |    22 ||   145
    Use: Potion            |     1 |     1 ||     2
         Scroll            |     3 |     4 ||     7
 Armour: Robe              |    11 |     2 ||    13
         Ring mail         |       |     3 ||     3
  Dodge: Dodged            |    49 |    12 ||    61

Table legend:
 A = Non-vault XP
 B = Vault XP
 C = Vault XP percentage of total XP
 D = Non-vault monster count
 E = Vault monster count
 F = Vault count percentage of total count
                 A         B        C        D         E       F
            +---------+---------+-------+---------+---------+-------
      Total |     146 |       0 |   0.0 |      48 |       0 |   0.0
            +---------+---------+-------+---------+---------+-------
        D:1 |      49 |       0 |   0.0 |      24 |       0 |   0.0
        D:2 |      14 |       0 |   0.0 |       9 |       0 |   0.0
        D:3 |      77 |       0 |   0.0 |      13 |       0 |   0.0
        D:4 |       6 |       0 |   0.0 |       2 |       0 |   0.0
            +---------+---------+-------+---------+---------+-------
